 Dungeon Crawl Stone Soup version 0.20.1-1-g8b1a95d (webtiles) character file.

480 kaze the Chopper (level 6, 0/53 HPs)
             Began as a Minotaur Fighter on Nov 25, 2017.
             Slain by bmj180's ghost (10 damage)
             ... on level 4 of the Dungeon.
             The game lasted 00:03:05 (3181 turns).

kaze the Chopper (Minotaur Fighter)                 Turns: 3181, Time: 00:03:05

Health: 0/53       AC:  8    Str: 23    XL:     6   Next: 86%
Magic:  5/5        EV:  9    Int:  5    God:
Gold:   176        SH: 10    Dex:  9    Spells: 5/5 levels left

rFire    . . .     SeeInvis .   a - +0 war axe
rCold    . . .     Gourm    .   c - +0 shield
rNeg     . . .     Faith    .   b - +0 scale mail
rPois    .         Spirit   .   (helmet restricted)
rElec    .         Reflect  .   (no cloak)
rCorr    .         Harm     .   (no gloves)
MR       .....                  t - +0 pair of boots
Stlth    ..........             (no amulet)
Regen    0.2/turn               (no ring)
MPRegen  0.1/turn               (no ring)

@: no status effects
A: retaliatory headbutt, horns 2
a: no special abilities


You were on level 4 of the Dungeon.
You were very hungry.

You visited 1 branch of the dungeon, and saw 4 of its levels.

You collected 176 gold pieces.

Inventory:

Hand Weapons
 a - a +0 war axe (weapon)
Armour
 b - a +0 scale mail (worn)
 c - a +0 shield (worn)
 t - a +0 pair of boots (worn)
Wands
 u - a wand of flame (10/48)
Scrolls
 i - 2 scrolls of identify {unknown}
 k - a scroll of magic mapping {unknown}
 l - a scroll of immolation {unknown}
 m - 2 scrolls of recharging {unknown}
 n - a scroll of enchant weapon {unknown}
 o - a scroll of amnesia {unknown}
 p - 2 scrolls of fog {unknown}
 q - a scroll of teleportation {unknown}
 s - a scroll of enchant armour {unknown}
Potions
 d - a potion of haste {unknown}
 e - a potion of degeneration {unknown}
 r - a potion of invisibility {unknown}
 v - a potion of flight {unknown}
 w - a potion of agility {unknown}
Comestibles
 f - 2 bread rations
 g - 3 fruits
 h - a royal jelly
 j - a meat ration


   Skills:
 + Level 4.7 Fighting
 + Level 5.8 Axes
 + Level 5.0 Armour
 + Level 2.1 Dodging
 + Level 0.5 Stealth
 + Level 5.4 Shields


You had 5 spell levels left.
You didn't know any spells.

Dungeon Overview and Level Annotations

Branches:
Dungeon (4/15)
 Temple: D:4-7

Altars:
The Shining One

Annotations:
D:4 bmj180's ghost, amateur MiFi


Innate Abilities, Weirdness & Mutations

You reflexively headbutt those who attack you in melee.
You have a pair of horns on your head.


Message History

You are too injured to fight recklessly!
You are too injured to fight recklessly!
You are too injured to fight recklessly!
You are too injured to fight recklessly!
You are too injured to fight recklessly!
You are too injured to fight recklessly!
You are too injured to fight recklessly!
You are too injured to fight recklessly!
You are too injured to fight recklessly!
You are too injured to fight recklessly!
You hit bmj180's ghost but do no damage.
You headbutt bmj180's ghost.
Bmj180's ghost is heavily damaged.
Bmj180's ghost hits you!
* * * LOW HITPOINT WARNING * * *
You block bmj180's ghost's attack.
You barely miss bmj180's ghost.
Bmj180's ghost is heavily damaged.
Bmj180's ghost hits you!
You die...

.#?#
##.#.####
#........
#........
#........
#...>..?.
#.W......
#@.......
#........
#........
#########


You could see bmj180's ghost.

Vanquished Creatures
  Sigmund (D:3)
  Menkaure (D:4)
  A hound (D:3)
  The ghost of Lanoc the Sneak, a weakling FeIE (D:3)
  An orc priest (D:3)
  3 adders (D:3)
  2 worms
  A dart slug (D:3)
  A leopard gecko (D:2)
  13 orcs (D:3)
  3 giant cockroaches (D:3)
  5 goblins
  4 hobgoblins
  5 jackals
  7 kobolds
  3 quokkas
  10 bats
  2 frilled lizards
  7 rats
71 creatures vanquished.

Notes
Turn   | Place    | Note
-------+----------+-------------------------------------------
     0 | D:1      | kaze the Minotaur Fighter began the quest for the Orb.
     0 | D:1      | Reached XP level 1. HP: 19/19 MP: 0/0
   177 | D:1      | Reached XP level 2. HP: 27/27 MP: 1/1
  1142 | D:2      | Reached XP level 3. HP: 33/33 MP: 2/2
  1209 | D:2      | Found a glowing golden altar of the Shining One.
  1522 | D:3      | Reached XP level 4. HP: 12/40 MP: 3/3
  1525 | D:3      | Noticed Lanoc's ghost (weakling FeIE)
  1529 | D:3      | Killed Lanoc's ghost
  1728 | D:3      | Reached skill level 1 in Dodging
  1828 | D:3      | Reached XP level 5. HP: 41/46 MP: 4/4
  2284 | D:3      | Noticed Sigmund
  2307 | D:3      | Killed Sigmund
  2307 | D:3      | Reached skill level 5 in Axes
  2307 | D:3      | Reached skill level 5 in Shields
  2307 | D:3      | Reached XP level 6. HP: 10/53 MP: 5/5
  2925 | D:4      | Noticed Menkaure
  2931 | D:4      | Killed Menkaure
  2931 | D:4      | Reached skill level 5 in Armour
  3170 | D:4      | Noticed bmj180's ghost (amateur MiFi)
  3181 | D:4      | Slain by bmj180's ghost

Skill      XL: |  1  2  3  4  5  6 |
---------------+-------------------+-----
Shields        | 4 5 |  5.4
Fighting       | 4 |  4.7
Axes           | 3 4 5 |  5.8
Armour         | 4 5 |  5.0
Dodging        | 1 2 |  2.1
Stealth        | |  0.5

Action                   |  1- 3 |  4- 6 || total
-------------------------+-------+-------++-------
Melee: War axe           |    79 |   102 ||   181
       Headbutt          |     6 |    16 ||    22
  Use: Potion            |     1 |       ||     1
  Eat: Chunk             |     1 |     4 ||     5
       Fruit             |       |     1 ||     1
Armor: Scale mail        |    58 |    31 ||    89
Dodge: Dodged            |    33 |    32 ||    65
Block: Shield            |    47 |    55 ||   102
